AoeStats
← ;

Arabia

510618474Analyzed
1v1 RM · 22h ago on Oct 1, 2026· 42m 4s· 2 players
Game mode
Random Map
Map size
Tiny (2 player)
Population
200
Speed
Normal
Resources
Standard
Victory
Conquest
Starting age
Dark Age
Ending age
Imperial Age
RankedLock teamsTeams togetherTeam positionsShared explorationLock speedFull tech treeHidden civsTurbo modeCheats
Victory
Defeat
🇩🇪 Magyars · Germany
1030
+17
🇪🇸 Spanish · Spain
1057
-17
;
6:42 Loom
9:03 Feudal Age
10:08 Double-Bit Axe
16:33 Scale Barding Armor
17:03 Fletching
17:50 Horse Collar
18:54 Bloodlines
28:17 Castle Age
27:09 Gold Mining
28:07 Wheelbarrow
29:06 Bodkin Arrow
29:14 Husbandry
28:41 Light Cavalry
30:14 Chain Barding Armor
37:23 Heavy Plow
42:44 Imperial Age
jose_m_cid
8:17 Loom
11:18 Feudal Age
11:38 Loom
12:09 Double-Bit Axe
16:18 Forging
20:44 Castle Age
29:54 Scale Mail Armor
29:25 Pikeman
30:07 Horse Collar
32:18 Bloodlines
Connection lost

Rejoining the realm…

Still unreachable

The connection could not be restored.

Session expired

The server has moved on; the page needs a fresh start.